 Dungeon Crawl Stone Soup version 0.30-a0-29-g142975f185 (webtiles) character file.

Game seed: 16419624830935774764

37 vineage the Trooper (level 3, -1/24 HPs)
             Began as a Gargoyle Fighter on Aug 26, 2022.
             Slain by an endoplasm (2 damage)
             ... on level 2 of the Dungeon.
             The game lasted 00:00:40 (993 turns).

vineage the Trooper (Gargoyle Fighter)               Turns: 993, Time: 00:00:42

Health: -1/24      AC: 10    Str: 21    XL:     3   Next: 39%
Magic:  3/3        EV:  9    Int:  8    God:
Gold:   58         SH:  4    Dex:  9    Spells: 2/2 levels left

rFire   . . .      SeeInvis .    a - +0 flail
rCold   . . .      Faith    .    c - +0 buckler
rNeg    + . .      Spirit   .    b - +0 scale mail
rPois   ∞          Reflect  .    (no helmet)
rElec   +          Harm     .    (no cloak)
rCorr   .          Rampage  .    (no gloves)
Will    .....                    (no boots)
Stlth   ..........               (no amulet)
HPRegen 0.08/turn                (no ring)
MPRegen 0.08/turn                (no ring)

@: no status effects
A: sickness immunity, AC +3, negative energy resistance 1, electricity
resistance, torment resistance 1, petrification resistance
a: no special abilities


You were on level 2 of the Dungeon.
You visited 1 branch of the dungeon, and saw 2 of its levels.

You collected 58 gold pieces.

Inventory:

Hand Weapons
 a - a +0 flail (weapon)
Armour
 b - a +0 scale mail (worn)
 c - a +0 buckler (worn)
Scrolls
 e - a scroll of teleportation {unknown}
Potions
 d - a potion of might


   Skills:
 * Level 3.8 Fighting
 * Level 2.7 Maces & Flails
 + Level 3.5 Armour
 + Level 3.5 Shields


You had 2 spell levels left.
You didn't know any spells.
Your spell library was empty.

Dungeon Overview and Level Annotations

Branches:
Dungeon (2/15)

Altars:


Innate Abilities, Weirdness & Mutations

You are immune to sickness and miasma.
Your stone body is resilient. (AC +3)
You are immune to poison.
You resist negative energy. (rN+)
You are resistant to electric shocks. (rElec)
You are resistant to unholy torment.
You are immune to petrification.


Message History

You are too injured to fight recklessly!
You are too injured to fight recklessly!
You are too injured to fight recklessly!
You are too injured to fight recklessly!
You are too injured to fight recklessly!
You are too injured to fight recklessly!
You are too injured to fight recklessly!
You are too injured to fight recklessly!
You are too injured to fight recklessly!
You are too injured to fight recklessly!
You are too injured to fight recklessly!
You are too injured to fight recklessly!
You miss the adder.
The adder is almost dead.
You block the adder's attack.
The endoplasm hits you but does no damage.
The adder bites you but does no damage.
You miss the adder.
The adder is almost dead.
The adder bites you. The endoplasm completely misses you.
The adder bites you but does no damage. The endoplasm completely misses you.
You closely miss the adder.
The adder is almost dead.
The adder bites you but does no damage. The endoplasm barely misses you.
The adder bites you.
* * * LOW HITPOINT WARNING * * *
You sock the adder!
You kill the adder!
The endoplasm freezes you.
You are frozen.
* * * LOW HITPOINT WARNING * * *
The endoplasm closely misses you.
You see here an adder corpse.
You hit the endoplasm.
The endoplasm is severely wounded.
The endoplasm freezes you.
You are frozen.
* * * LOW HITPOINT WARNING * * *
The endoplasm hits you.
You die...

# ## #. #..
#.
#...#.#+#####
#...........#
#......J.<..#
#......@....#
#...........#
#...........#
#...........+
#...........#
###.........#
#>........#
#.........#


You could see an endoplasm.

Vanquished Creatures
  An adder (D:2)
  2 dart slugs (D:1)
  2 endoplasms (D:1)
  5 goblins (D:1)
  4 jackals (D:1)
  A quokka (D:1)
  A ball python (D:1)
  2 frilled lizards (D:1)
  3 kobolds (D:1)
  A rat (D:1)
22 creatures vanquished.

Notes
Turn   | Place    | Note
-------+----------+-------------------------------------------
     0 | D:1      | vineage the Gargoyle Fighter began the quest for the Orb.
     0 | D:1      | Reached XP level 1. HP: 14/14 MP: 1/1
   226 | D:1      | Reached XP level 2. HP: 17/19 MP: 2/2
   759 | D:1      | Reached XP level 3. HP: 22/24 MP: 3/3
   993 | D:2      | HP: 1/24 [frozen (5)]
   993 | D:2      | Slain by an endoplasm

Illustrated notes

Levels and vault maps discovered:
D:1:      kennysheep_arrival_seaside, layout_loops_ring
D:2:      layout_basic, minmay_indecisive_spiral

Action                   || total
-------------------------++-------
Melee: Flail             ||    77
Armor: Scale mail        ||    37
Dodge: Dodged            ||    39
Block: Buckler           ||    15

Table legend: (Time is in decaauts)
 A = Elapsed time spent in this place.
 B = Non-inter-level travel time spent in this place.
 C = Inter-level travel time spent in this place.
 D = Time resting spent in this place.
 E = Time spent auto-exploring this place.
 F = Levels seen in this place.
 G = Mean time per level.
                   A        B        C        D        E       F      G
               +--------+--------+--------+--------+--------+-----+--------+
         Total |   1020 |    960 |     60 |      0 |    807 |   2 |  510.0 |
       Dungeon |   1020 |    960 |     60 |      0 |    807 |   2 |  510.0 |
               +--------+--------+--------+--------+--------+-----+--------+

Top non-repeatable levels by time:
     D:1: 1002 daAuts
     D:2: 18 daAuts
